 Dungeon Crawl Stone Soup version 0.25-a0-796-gd415a3ffb0 (webtiles) character file.

Game seed: 2152184318390891474, levelgen mode: deterministic

7288 tilp the Quickloader (level 11, 0/68 HPs)
             Began as a Kobold Arcane Marksman on Apr 18, 2020.
             Was a Priest of Okawaru.
             Shot with an arrow by a centaur (8 damage)
             ... led by a centaur warrior
             ... on level 11 of the Dungeon.
             The game lasted 00:41:44 (15971 turns).

tilp the Quickloader (Kobold Arcane Marksman)      Turns: 15971, Time: 00:41:45

Health: 0/68       AC: 12    Str: 10    XL:     11   Next: 34%
Magic:  0/26       EV: 19    Int: 21    God:    Okawaru [***...]
Gold:   366        SH:  0    Dex: 15    Spells: 8/18 levels left

rFire    . . .     SeeInvis +   b - +2 short sword (elec)
rCold    . . .     Gourm    .   (shield restricted)
rNeg     . . .     Faith    .   p - +3 leather armour
rPois    .         Spirit   +   D - +2 helmet {SInv}
rElec    .         Reflect  .   L - +0 cloak (curse)
rCorr    .         Harm     .   (no gloves)
MR       .....                  G - +1 pair of boots (curse)
Stlth    ++........             C - amulet of guardian spirit
HPRegen  0.21/turn              k - ring of magical power
MPRegen  0.20/turn              o - +5 ring of intelligence

@: no status effects
A: small, carnivore
a: Heroism, Renounce Religion


You were on level 11 of the Dungeon.
You worshipped Okawaru.
Okawaru was most pleased with you.
You were completely stuffed.

You visited 2 branches of the dungeon, and saw 12 of its levels.

You collected 489 gold pieces.
You spent 123 gold pieces at shops.

Inventory:

Hand Weapons
 a - a +0 hand crossbow
 b - a +2 short sword of electrocution (weapon)
 F - a +2 trident of venom
 I - a cursed +2 antimagic trident
Missiles
 d - 34 bolts
 j - 31 poisoned darts (quivered)
 x - 127 arrows
 y - 26 boomerangs
Armour
 p - a +3 leather armour (worn)
 D - a +2 helmet of see invisible (worn)
 G - a cursed +1 pair of boots (worn)
 H - a +0 kite shield
 L - a cursed +0 cloak (worn)
Magical Staves
 Q - an uncursed staff of wizardry {unknown}
Jewellery
 k - a ring of magical power (left hand)
 o - a +5 ring of intelligence (right hand)
 t - a cursed +5 ring of protection
 C - an amulet of guardian spirit (around neck)
 R - an uncursed ring of fire
Wands
 n - a wand of iceblast (6)
 q - a wand of random effects (9)
 E - a wand of paralysis (13)
 J - a wand of enslavement (16)
 S - a wand of flame (13)
Scrolls
 f - 5 scrolls of teleportation
 g - 4 scrolls of identify
 h - 6 scrolls of remove curse
 i - 4 scrolls of magic mapping
 l - 2 scrolls of enchant weapon {unknown}
 m - a scroll of amnesia {unknown}
 v - a scroll of blinking {unknown}
 z - 2 scrolls of immolation {unknown}
 A - 2 scrolls of fog
 M - a scroll of fear
 P - a scroll of torment {unknown}
Potions
 e - 3 potions of curing
 r - a potion of flight
 s - a potion of ambrosia
 u - 2 potions of brilliance
 w - a potion of invisibility
 B - 3 potions of might
 K - 2 potions of berserk rage
 N - 2 potions of magic
Comestibles
 c - 19 rations
 O - a chunk of flesh


   Skills:
 - Level 8.0 Fighting
 + Level 8.5 Crossbows
 - Level 8.0 Dodging
 - Level 4.2 Stealth
 - Level 4.0 Spellcasting
 - Level 8.2 Hexes
 - Level 6.0 Invocations
 - Level 6.2 Evocations


You had 8 spell levels left.
You knew the following spells:

 Your Spells              Type           Power        Failure   Level  Hunger
a - Corona                Hex            #####..      1%          1    None
b - Slow                  Hex            #####...     1%          2    #......
c - Portal Projectile     Hex/Tloc       ###...       9%          3    ###....
d - Cause Fear            Hex            #####.....   5%          4    ####...

Your spell library contained the following spells:

 Spells                   Type           Power        Failure   Level  Hunger
 Inner Flame              Hex/Fire       ###.....     9%          3    ###....
 Summon Guardian Golem    Hex/Summ       ###.....     9%          3    ###....
 Summon Small Mammal      Summ           #...         16%         1    None
 Call Imp                 Summ           #.......     24%         2    #......
 Leda's Liquefaction      Hex/Erth       ###.......   30%         4    ####...
 Call Canine Familiar     Summ           #.......     43%         3    ###....
 Summon Ice Beast         Ice/Summ       #.......     85%         4    ####...
 Summon Lightning Spire   Summ/Air       #.......     85%         4    ####...


Dungeon Overview and Level Annotations

Branches:
Dungeon (11/15)            Temple (1/1) D:7            Lair (0/6) D:10
    Orc: D:9-12

Altars:
Elyvilon
Kikubaaqudgha
Makhleb
Okawaru
Sif Muna
Xom
Yredelemnul

Shops:
D:8 ?

Annotations:
D:2 Sigmund
D:4 1 runed translucent door, Crazy Yiuf
D:11 Erica, Gastronok


Innate Abilities, Weirdness & Mutations

You are small and have problems with some larger weapons.
You are carnivorous and can eat meat at any time.


Message History

Aim: a centaur warrior, wielding a +0 longbow and quivering 16 arrows (chance to defeat MR: 59%)
The centaur warrior seems to slow down.
The centaur shoots an arrow.
The arrow closely misses you.
The centaur warrior shoots an arrow.
The arrow hits you.
* * * LOW HITPOINT WARNING * * *
The centaur shoots an arrow.
The arrow misses you.
You see here 2 arrows.
The centaur shoots an arrow.
The arrow closely misses you.
You see here an arrow.
The centaur shoots an arrow.
The arrow hits you but does no damage.
You see here an arrow.
Casting: Slow (safe; 1% risk of failure)
Confirm with . or Enter, or press ? or * to list all spells.
Aiming: Slow (safe; 1% risk of failure)
Press: ? - help, Shift-Dir - straight line, f - Gastronok
Aim: Gastronok, wearing a +0 hat (hasn't noticed you, chance to defeat MR: 25%) Gastronok gurgles horribly!
Gastronok resists with almost no effort.
The centaur shoots an arrow.
The arrow hits you!
You die...

#..............# #......#
###........(.....# #......#
......).)...(..(c# #......#
......##########c### #.######
......#........#...####.#
......#.)......#........#
......#()......#...>....#
......#)(......#........#
......#........#@.......#
......#........#........#
......#.(#(#####........#######
......####.)<.)...............#
..........(((.....w...........#
#####...########..............#
#...# ####...........# #...#
#...........# #...#
#...........#


You could see Gastronok and 2 centaurs.

Vanquished Creatures
  Maurice (D:11)
  A centaur zombie (D:10)
  2 gargoyles (D:11)
  A hippogriff (D:11)
  2 wyverns
  A spriggan (D:10)
  Eustachio (D:5)
  4 yaks
  A steam dragon (D:9)
  An ice beast (D:6)
  4 orc warriors
  2 sky beasts
  3 ogres
  A black bear (D:9)
  A necrophage (D:10)
  3 big kobolds
  13 bullfrogs
  2 scorpions
  8 wights
  3 howler monkeys
  6 crimson imps
  6 human zombies (D:10)
  A quasit (D:9)
  3 centaur skeletons
  6 orc priests
  5 hounds
  3 bullfrog zombies
  5 orc wizards
  A gnoll shaman (D:10)
  A human skeleton (D:10)
  3 iguanas (D:6)
  6 worker ants
  A killer bee zombie (D:9)
  A hound zombie (D:6)
  A hound skeleton (D:6)
  A mummy (D:10)
  16 gnolls
  8 adders
  An ooze (D:1)
  8 worms
  A dart slug (D:4)
  6 leopard geckos
  30 orcs
  4 ball pythons
  4 giant cockroaches
  10 goblins
  12 hobgoblins
  16 jackals
  4 quokkas
  10 bats
  6 frilled lizards
  32 kobolds
  3 orc zombies (D:10)
  11 rats
  A fungus (D:4)
288 creatures vanquished.

Vanquished Creatures (collateral kills)
  A gnoll sergeant (D:7)
  A gnoll (D:7)
2 creatures vanquished.

Grand Total: 290 creatures vanquished

Notes
Turn   | Place    | Note
-------+----------+-------------------------------------------
     0 | D:1      | tilp the Kobold Arcane Marksman began the quest for the
                  | Orb.
     0 | D:1      | Reached XP level 1. HP: 12/12 MP: 2/2
   221 | D:1      | Reached XP level 2. HP: 14/16 MP: 3/3
   685 | D:1      | Reached XP level 3. HP: 16/20 MP: 2/4
   789 | D:1      | Learned a level 2 spell: Slow
  1260 | D:2      | Noticed Sigmund
  1815 | D:2      | Reached XP level 4. HP: 19/25 MP: 3/5
  1975 | D:2      | Reached skill level 5 in Crossbows
  2535 | D:2      | Reached XP level 5. HP: 27/29 MP: 6/6
  4742 | D:4      | Noticed an ogre
  4749 | D:4      | HP: 1/32 [ogre/+0 giant spiked club (12)]
  4760 | D:4      | Killed an ogre
  4760 | D:4      | Reached XP level 6. HP: 12/39 MP: 1/7
  5164 | D:4      | Noticed an ogre
  5175 | D:4      | Killed an ogre
  5175 | D:4      | Reached XP level 7. HP: 44/44 MP: 8/10
  5886 | D:4      | Found a runed translucent door.
  5887 | D:4      | Noticed Crazy Yiuf
  5900 | D:4      | Learned a level 3 spell: Portal Projectile
  5905 | D:4      | Learned a level 4 spell: Cause Fear
  5954 | D:5      | Entered Level 5 of the Dungeon
  6334 | D:5      | Reached skill level 5 in Hexes
  6341 | D:5      | Noticed Eustachio
  7018 | D:5      | Killed Eustachio
  7018 | D:5      | Reached XP level 8. HP: 42/48 MP: 11/11
  7185 | D:6      | Reached skill level 1 in Stealth
  7510 | D:6      | Reached skill level 5 in Fighting
  8333 | D:6      | Reached XP level 9. HP: 55/55 MP: 12/12
  8685 | D:7      | Reached skill level 5 in Dodging
  8824 | D:7      | Reached skill level 1 in Evocations
  9197 | D:7      | Noticed a hippogriff
 10326 | D:7      | Found a staircase to the Ecumenical Temple.
 10348 | Temple   | Entered the Ecumenical Temple
 10355 | Temple   | Became a worshipper of Warmaster Okawaru
 11068 | D:8      | Found an ancient bone altar of Kikubaaqudgha.
 11119 | D:8      | Found Coogade's Magic Scroll Shoppe.
 11147 | D:8      | Bought a scroll of fear for 45 gold pieces
 11147 | D:8      | Bought a scroll of teleportation for 39 gold pieces
 11147 | D:8      | Bought a scroll of teleportation for 39 gold pieces
 11582 | D:9      | Reached XP level 10. HP: 53/60 MP: 16/16
 11646 | D:8      | Reached skill level 1 in Invocations
 11811 | D:8      | Reached * piety under Okawaru
 11875 | D:9      | Reached skill level 5 in Evocations
 12571 | D:9      | Reached ** piety under Okawaru
 12616 | D:9      | Found a white marble altar of Elyvilon.
 12660 | D:9      | Reached skill level 5 in Invocations
 12700 | D:10     | Entered Level 10 of the Dungeon
 13011 | D:10     | Found a staircase to the Lair.
 13436 | D:10     | Noticed a catoblepas
 13615 | D:10     | HP: 2/61 [catoblepas/blast of calcifying dust (4)]
 13972 | D:10     | Found a basalt altar of Yredelemnul.
 14055 | D:10     | Reached *** piety under Okawaru
 14059 | D:10     | Reached XP level 11. HP: 43/66 MP: 16/17
 15067 | D:11     | Noticed Maurice
 15116 | D:11     | Killed Maurice
 15824 | D:11     | Noticed Gastronok
 15881 | D:11     | Noticed Erica
 15943 | D:11     | Noticed a centaur warrior
 15971 | D:11     | Shot with an arrow by a centaur

Levels and vault maps discovered:
D:1:      evilmike_arrival_plus, layout_basic
D:2:      layout_basic, first_ration, minmay_joined_circles, uniq_sigmund
D:3:      layout_rooms
D:4:      layout_loops_ring, corexii_checkpoint_a, uniq_crazy_yiuf_cottage
D:5:      layout_loops_corners, uniq_eustachio
D:6:      minmay_clustersquares, layout_basic
D:7:      layout_loops_ring, minmay_temple_entry_ruins
D:8:      layout_basic, serial_shops, shop, basic_altar,
          minmay_tree_intersection
D:9:      layout_cross, lemuel_doored_altar
D:10:     layout_rooms, lair_entry_dummy, grunt_pizzeria,
          lemuel_mausoleum_altar_yredelemnul
D:11:     layout_irregular_city, uniq_gastronok, uniq_maurice, uniq_fannar,
          uniq_erica
Temple:   nicolae_temple_the_god_donut

Skill      XL: |  1  2  3  4  5  6  7  8  9 10 11 |
---------------+----------------------------------+-----
Crossbows      | 3 4 5 6 8 |  8.5
Fighting       | 4 5 6 8 |  8.0
Spellcasting   | 2 4 |  4.0
Hexes          | 6 8 |  8.2
Stealth        | 4 |  4.2
Dodging        | 4 6 7 8 |  8.0
Evocations     | 4 6 |  6.2
Invocations    | 6 |  6.0

Action                   |  1- 3 |  4- 6 |  7- 9 | 10-12 || total
-------------------------+-------+-------+-------+-------++-------
Melee: Short sword       |    46 |    11 |   356 |   386 ||   799
       Trident           |       |   236 |    95 |       ||   331
       Mace              |       |       |    64 |       ||    64
       Punch             |       |       |       |     1 ||     1
 Fire: Hand crossbow     |    61 |    51 |    60 |   167 ||   339
Throw: Dart              |     1 |    30 |    24 |     8 ||    63
       Boomerang         |       |       |     2 |       ||     2
 Cast: Corona            |     8 |     5 |       |       ||    13
       Slow              |       |       |     1 |     3 ||     4
       Cause Fear        |       |       |     1 |     1 ||     2
Invok: Heroism           |       |       |       |     4 ||     4
Evoke: Wand              |       |       |     5 |     1 ||     6
       Box of beasts     |       |       |     2 |       ||     2
       Phantom mirror    |       |       |       |     1 ||     1
  Use: Scroll            |     2 |     8 |     8 |     4 ||    22
       Potion            |       |     1 |     2 |     2 ||     5
 Stab: Sleeping          |       |     1 |     4 |     8 ||    13
       Distracted        |       |       |     1 |       ||     1
       Paralysed         |       |       |       |     5 ||     5
  Eat: Chunk             |     9 |    14 |    20 |    15 ||    58
Armor: Robe              |     5 |       |       |       ||     5
       Leather armour    |    10 |    81 |   171 |   134 ||   396
Dodge: Dodged            |    47 |   185 |   441 |   443 ||  1116

Table legend:
 A = Non-vault XP
 B = Vault XP
 C = Vault XP percentage of total XP
 D = Non-vault monster count
 E = Vault monster count
 F = Vault count percentage of total count
                 A         B        C        D         E       F
            +---------+---------+-------+---------+---------+-------
      Total |    8900 |    1512 |  14.5 |     254 |      35 |  12.1
            +---------+---------+-------+---------+---------+-------
        D:1 |      44 |       0 |   0.0 |      24 |       0 |   0.0
        D:2 |     107 |      63 |  37.1 |      34 |      12 |  26.1
        D:3 |      51 |       0 |   0.0 |      23 |       0 |   0.0
        D:4 |     423 |       3 |   0.7 |      17 |       2 |  10.5
        D:5 |     302 |     203 |  40.2 |      14 |       1 |   6.7
        D:6 |     956 |      91 |   8.7 |      15 |       6 |  28.6
        D:7 |    1167 |       0 |   0.0 |      32 |       0 |   0.0
        D:8 |     940 |       0 |   0.0 |      16 |       0 |   0.0
        D:9 |    1305 |       0 |   0.0 |      20 |       0 |   0.0
       D:10 |    2060 |     667 |  24.5 |      41 |      13 |  24.1
       D:11 |    1545 |     485 |  23.9 |      18 |       1 |   5.3
            +---------+---------+-------+---------+---------+-------
